 Dungeon Crawl Stone Soup version 0.20.1-1-g8b1a95d (webtiles) character file.

3045 Gremour the Cleaver (level 9, -3/82 HPs)
             Began as a Hill Orc Monk on Sept 26, 2017.
             Was an Elder of Okawaru.
             Succumbed to a water moccasin's poison
             ... on level 8 of the Dungeon.
             The game lasted 00:54:12 (9942 turns).

Gremour the Cleaver (Hill Orc Monk)                 Turns: 9942, Time: 00:54:13

Health: -3/82      AC: 13    Str: 19    XL:     9   Next: 87%
Magic:  20/20      EV: 14    Int: 12    God:    Okawaru [****..]
Gold:   451        SH:  0    Dex: 16    Spells: 8/8 levels left

rFire    . . .     SeeInvis .   j - +0 falchion (curse)
rCold    . . .     Gourm    .   (no shield)
rNeg     . . .     Faith    .   g - +2 ring mail {MR+}
rPois    .         Spirit   .   n - +1 helmet
rElec    .         Reflect  .   b - +0 cloak
rCorr    +         Harm     .   t - +0 pair of gloves
MR       +....                  (no boots)
Stlth    ++........             (no amulet)
Regen    0.3/turn               m - ring of magical power
MPRegen  0.2/turn               o - ring of resist corrosion

@: mighty, lethally poisoned (-3 -> -29)
A: talons 1, blink, clever 1, low mp 1
a: Blink, Heroism, Renounce Religion


You were on level 8 of the Dungeon.
You worshipped Okawaru.
Okawaru was greatly pleased with you.
You were hungry.

You visited 2 branches of the dungeon, and saw 9 of its levels.

You collected 451 gold pieces.

Inventory:

Hand Weapons
 a - a +1 hand axe
 j - a cursed +0 falchion (weapon)
 r - a +0 war axe
 x - a +2 dagger of protection
Missiles
 u - 6 tomahawks (quivered)
Armour
 b - a +0 cloak (worn)
 e - a +2 leather armour of cold resistance
 g - a +2 ring mail of magic resistance (worn)
 k - a +0 plate armour
 l - a +1 leather armour of fire resistance
 n - a +1 helmet (worn)
 t - a +0 pair of gloves (worn)
Magical Staves
 f - an uncursed staff of earth
Jewellery
 m - a ring of magical power (left hand)
 o - a ring of resist corrosion (right hand)
Wands
 v - a wand of lightning (1/15)
 w - a wand of iceblast (5/15)
Scrolls
 d - a scroll of fog
 i - a scroll of fear
Potions
 q - 4 potions of brilliance
Comestibles
 c - 4 bread rations
 h - 4 meat rations
 p - 2 royal jellies


   Skills:
 * Level 8.5 Fighting
 + Level 10.5 Axes
 * Level 5.9 Armour
 + Level 4.8 Dodging
 + Level 2.8 Stealth
 + Level 5.2 Invocations


You had 8 spell levels left.
You didn't know any spells.

Dungeon Overview and Level Annotations

Branches:
Dungeon (8/15)             Temple (1/1) D:4
   Lair: D:8-11

Altars:
Ashenzari
Cheibriados
Dithmenos
Elyvilon
Fedhas
Gozag
Hepliaklqana
Kikubaaqudgha
Makhleb
Nemelex Xobeh
Okawaru
Qazlal
Ru
Sif Muna
Trog
Uskayaw
Vehumet
Xom
Zin
The Shining One

Shops:
D:7 [

Annotations:
D:3 ceb's ghost, amateur DsGl


Innate Abilities, Weirdness & Mutations

You have sharp toenails.
You can translocate small distances at will.
Your mind is acute. (Int +2)
Your magical capacity is low. (-10% MP)


Message History

The water moccasin closely misses you.
You riposte.
You slash the water moccasin! Your kick misses the water moccasin.
The water moccasin is almost dead.
Okay, then.
You closely miss the water moccasin. Your kick misses the water moccasin.
The water moccasin is almost dead.
* * * LOW HITPOINT WARNING * * *
You feel very sick. The water moccasin closely misses you.
You miss the water moccasin.
The water moccasin is almost dead.
* * * LOW HITPOINT WARNING * * *
You feel very sick.
The water moccasin bites you but does no damage.
The water moccasin bites you.
* * * LOW HITPOINT WARNING * * *
You miss the water moccasin. You claw the water moccasin.
You kill the water moccasin!
Okawaru accepts your kill.
You die...

##+##
##...##
##.....##
##.......##
#.........#
+...%.....+
#.....<...#
#....@..#
##.....##
##...##
....##
###.. ...
#... #...


There were no monsters in sight!

Vanquished Creatures
  Joseph (D:7)
  Menkaure (D:4)
  A water moccasin (D:8)
  3 black bears
  An orc warrior (D:7)
  4 ice beasts
  A sky beast (D:6)
  A necrophage (D:5)
  2 centaurs (D:7)
  2 ogres (D:6)
  A gnoll sergeant (D:3)
  2 bullfrogs
  2 howler monkeys
  4 crimson imps
  A bullfrog zombie (D:7)
  2 centaur skeletons
  4 hounds
  2 orc priests
  A bullfrog skeleton (D:5)
  7 orc wizards
  2 iguanas
  4 worker ants
  9 adders
  A shadow imp (D:6)
  An ooze (D:2)
  4 worms
  A dart slug (D:2)
  5 leopard geckos
  27 orcs
  11 bats
  8 giant cockroaches
  18 goblins
  8 hobgoblins
  12 jackals
  3 quokkas
  2 ball pythons (D:1)
  7 frilled lizards
  A jackal skeleton (D:6)
  7 kobolds
  A leopard gecko zombie (D:6)
  A quokka skeleton (D:5)
  A quokka zombie (D:6)
  7 rats
184 creatures vanquished.

Notes
Turn   | Place    | Note
-------+----------+-------------------------------------------
     0 | D:1      | Gremour the Hill Orc Monk began the quest for the Orb.
     0 | D:1      | Reached XP level 1. HP: 19/19 MP: 1/1
   118 | D:1      | Reached XP level 2. HP: 18/27 MP: 2/2
   200 | D:1      | Reached skill level 1 in Armour
   477 | D:1      | Reached XP level 3. HP: 30/33 MP: 3/3
  1100 | D:2      | Reached XP level 4. HP: 32/41 MP: 4/4
  1942 | D:2      | Reached skill level 5 in Axes
  2051 | D:3      | Reached XP level 5. HP: 47/47 MP: 5/5
  2673 | D:3      | Reached skill level 5 in Fighting
  2827 | D:3      | Noticed ceb's ghost (amateur DsGl)
  3094 | D:4      | Reached XP level 6. HP: 16/56 MP: 6/6
  3412 | D:4      | HP: 1/56 [ogre/giant club (16)]
  4017 | D:4      | Noticed Menkaure
  4031 | D:4      | Killed Menkaure
  4031 | D:4      | Reached skill level 6 in Axes
  4910 | D:4      | Reached XP level 7. HP: 50/61 MP: 7/7
  5369 | D:4      | Found a staircase to the Ecumenical Temple.
  5386 | Temple   | Entered the Ecumenical Temple
  5616 | Temple   | Became a worshipper of Warmaster Okawaru
  5616 | Temple   | Reached * piety under Okawaru
  5616 | Temple   | Reached ** piety under Okawaru
  5790 | D:5      | Entered Level 5 of the Dungeon
  5960 | D:5      | Reached skill level 7 in Axes
  6040 | D:5      | Found a shimmering altar of Xom.
  6103 | D:5      | Reached skill level 1 in Invocations
  6372 | D:5      | Noticed a two-headed ogre
  6732 | D:5      | Found a shadowy altar of Dithmenos.
  6740 | D:5      | Found a blossoming altar of Fedhas.
  6756 | D:5      | Found a hide-covered altar of Uskayaw.
  7004 | D:5      | Reached XP level 8. HP: 14/70 MP: 9/9
  7418 | D:6      | Found a glowing silver altar of Zin.
  7554 | D:6      | Reached skill level 8 in Axes
  7728 | D:6      | Reached *** piety under Okawaru
  8360 | D:6      | Reached skill level 5 in Armour
  8507 | D:6      | Reached skill level 9 in Axes
  8582 | D:6      | Reached XP level 9. HP: 79/79 MP: 12/12
  8586 | D:6      | Gained mutation: You have sharp toenails. [mutagenic meat]
  8587 | D:6      | Gained mutation: Your mind is acute. (Int +2) [mutagenic meat]
  8588 | D:6      | Gained mutation: You can translocate small distances at will. [mutagenic meat]
  8589 | D:6      | Gained mutation: Your magical capacity is low. (-10% MP) [mutagenic meat]
  8920 | D:7      | Noticed Joseph
  8968 | D:7      | Killed Joseph
  8968 | D:7      | Reached **** piety under Okawaru
  8968 | D:7      | Reached skill level 10 in Axes
  8968 | D:7      | Reached skill level 5 in Invocations
  9180 | D:7      | Found a glowing golden altar of the Shining One.
  9579 | D:7      | Found Pev Kot's Antique Armour Shoppe.
  9941 | D:8      | HP: 1/82 [water moccasin (6)]
  9942 | D:8      | Succumbed to a water moccasin's poison

Skill      XL: |  1  2  3  4  5  6  7  8  9 |
---------------+----------------------------+-----
Armour         | 1 2 3 4 5 |  5.9
Fighting       | 4 5 6 7 8 |  8.5
Axes           | 5 6 7 9 10 | 10.5
Dodging        | 3 4 |  4.8
Stealth        | 2 |  2.8
Invocations    | 2 4 5 |  5.2

Action                   |  1- 3 |  4- 6 |  7- 9 || total
-------------------------+-------+-------+-------++-------
Melee: Hand axe          |   142 |   287 |   556 ||   985
       Kick              |       |       |    66 ||    66
       Falchion          |       |       |    64 ||    64
       Punch             |       |       |     1 ||     1
Throw: Throwing net      |       |     1 |       ||     1
       Tomahawk          |       |       |     1 ||     1
Invok: Heroism           |       |       |     7 ||     7
 Abil: Blink             |       |       |     1 ||     1
Evoke: Wand              |       |       |     3 ||     3
  Use: Potion            |       |     8 |     3 ||    11
       Scroll            |       |     5 |    13 ||    18
 Stab: Sleeping          |     1 |     4 |     3 ||     8
       Distracted        |       |       |     2 ||     2
  Eat: Chunk             |       |     9 |    14 ||    23
       Fruit             |       |     4 |       ||     4
       Meat ration       |       |       |     1 ||     1
       Royal jelly       |       |       |     1 ||     1
Armor: Robe              |     4 |       |       ||     4
       Leather armour    |    42 |    97 |   174 ||   313
       Skin              |       |    18 |       ||    18
       Ring mail         |       |       |    51 ||    51
Dodge: Dodged            |   111 |   186 |   361 ||   658
       Rpst.: Falchion   |       |       |     9 ||     9
